 Dungeon Crawl Stone Soup version 0.31-a0-222-gefeffbb62a (webtiles) character file.

Game seed: 5481616759279440170

110219 qw the Severer (level 16, -25/105 HPs)
             Began as a Gargoyle Fighter on July 4, 2023.
             Was an Elder of Okawaru.
             Killed from afar by Nikola (50 damage)
             ... with an arc of chain lightning
             ... on level 1 of the Swamp.
             The game lasted 00:16:03 (22679 turns).

qw the Severer (Gargoyle Fighter)                  Turns: 22679, Time: 00:16:03

Health: -25/105    AC: 39    Str: 31    XL:     16   Next: 54%
Magic:  23/23      EV: 19    Int:  8    God:    Okawaru [****..]
Gold:   104        SH: 17    Dex: 17    Spells: 15/15 levels left

rFire   . . .        c - +2 war axe (flame)
rCold   . . .        p - +2 kite shield
rNeg    + . .        E - +2 plate armour {rPois}
rPois   inf          r - +2 hat of the Other World {Rampage Regen+}
rElec   +            g - +0 cloak
rCorr   .            l - +2 pair of gloves
SInv    .            (no boots)
Will    +....        H - amulet of faith Stlth
                     F - +5 ring of evasion
HPRegen 1.17/turn    G - +6 ring of strength
MPRegen 0.18/turn

%: rampage, faith
@: about to teleport, heroic, flying
A: sickness immunity, AC +12, big wings, negative energy resistance 1,
electricity resistance, torment resistance 1, petrification resistance, agile 2
a: Renounce Religion, Heroism, Finesse


You were on level 1 of the Swamp.
You worshipped Okawaru.
Okawaru was greatly pleased with you.
You visited 5 branches of the dungeon, and saw 24 of its levels.
You also visited: Ossuary.

You collected 3595 gold pieces.
You spent 3491 gold pieces at shops.


Innate Abilities, Weirdness & Mutations

You are immune to sickness and miasma.
Your stone body is resilient. (AC +12)
You are immune to poison.
Your large and strong wings let you fly.
You resist negative energy. (rN+)
You are resistant to electric shocks. (rElec)
You are resistant to unholy torment.
You are immune to petrification.
You are very agile. (Dex +8, Str/Int -2)


   Skills:
 - Level 13.7(18.7) Fighting
 - Level 16.0(21.0) Axes
 + Level 4.6(9.6) Throwing
 - Level 12.0(17.0) Armour
 - Level 7.0(12.0) Dodging
 - Level 13.5(18.5) Shields
 - Level 10.0 Invocations


You had 15 spell levels left.
You didn't know any spells.
Your spell library was empty.

Inventory:

Hand Weapons
 c - a +2 war axe of flaming (weapon)
 n - a +2 broad axe
 t - a +3 antimagic broad axe
Missiles
 i - 3 javelins (quivered)
 D - 6 boomerangs
Armour
 g - a +0 cloak (worn)
 l - a +2 pair of gloves (worn)
 p - a +2 kite shield (worn)
 q - +0 ice dragon scales
 r - the +2 hat of the Other World (worn) {Rampage Regen+}
   (You found it on level 9 of the Dungeon)

   Regen:     It increases your rate of health regeneration.
   Rampage:   It bestows one free step when moving towards enemies.
 u - a +2 chain mail of cold resistance
 x - the +1 chain mail "Siarug" {*Slow rCorr Str+5 Dex+4}
   (Okawaru gifted it to you on level 13 of the Dungeon)

   Str:       It affects your strength (+5).
   Dex:       It affects your dexterity (+4).
   rCorr:     It protects you from acid and corrosion.
   *Slow:     It may slow you when you take damage.
 y - +0 fire dragon scales
 B - a +4 scale mail of fire resistance
 E - a +2 plate armour of poison resistance (worn)
Jewellery
 m - an amulet of regeneration
 z - a ring of fire
 F - a +5 ring of evasion (left hand)
 G - a +6 ring of strength (right hand)
 H - an amulet of faith (around neck)
 I - the ring of Rienoraw {rPois rC+ rN++ MP+9 Str-3}
   (You bought it in a shop on level 2 of the Orcish Mines)

   [ring of magical power]

   Str:       It affects your strength (-3).
   rC:        It protects you from cold.
   rPois:     It protects you from poison.
   rN:        It greatly protects you from negative energy.
   MP:        It affects your magic capacity (+9).
 Y - a ring of protection from cold
Scrolls
 b - 13 scrolls of identify
 j - 6 scrolls of teleportation
Potions
 a - 5 potions of enlightenment
 d - 4 potions of might
 e - a potion of haste
 f - 4 potions of curing
 h - 5 potions of mutation
 k - a potion of resistance
 o - 4 potions of heal wounds
 s - 3 potions of attraction
 v - 2 potions of lignification
 A - 2 potions of cancellation
 C - a potion of magic

Dungeon Overview and Level Annotations

Branches:
Dungeon (15/15)            Temple (1/1) D:4            Lair (5/5) D:9
  Swamp (1/4) Lair:3       Spider (0/4) Lair:3        Slime (0/5) Lair:4
    Orc (2/2) D:11            Elf (0/3) Orc:2        Vaults (0/5) D:13
 Depths (0/4) D:15        Ossuary (visited)

Altars:
Ashenzari
Cheibriados
Dithmenos
Elyvilon
Fedhas
Gozag
Hepliaklqana
Kikubaaqudgha
Makhleb
Nemelex Xobeh
Okawaru
Qazlal
Ru
Sif Muna
Trog
Uskayaw
Vehumet
Wu Jian
Xom
Yredelemnul
Zin
The Shining One
Jiyva

Shops:
D:7 :   D:9 *   D:10 (   Orc:2 ==?[

Annotations:
D:14 Roxanne
Lair:1 2 runed translucent doors, qw's ghost, novice GrFi
Lair:4 exclusion: ice statue
Swamp:1 Nikola
Orc:2 1 runed translucent door, qw's ghost, adept GrFi


Message History

Nikola is heavily wounded.
Nikola gestures at you while chanting. The bolt of lightning hits you!
You resist.
You hit Nikola but do no damage.
Nikola is heavily wounded.
You hit Nikola. You burn Nikola.
Nikola is heavily wounded.
Nikola hits you but does no damage.
You slash Nikola! You burn Nikola!
Nikola is severely wounded.
Nikola mumbles some strange words.
Nikola blinks!
You hit Nikola. You burn Nikola.
Nikola is severely wounded.
You miss the fenstrider witch.
The fenstrider witch points at you and mumbles some strange words.
The toxic sludge hits you! You partially resist.
You slash Nikola! You burn Nikola.
Nikola is severely wounded.
You hit the fenstrider witch but do no damage.
The fenstrider witch points at you and mumbles some strange words.
You barely resist.
Nikola gestures wildly while chanting.
Nikola blinks!
You barely miss Nikola.
Nikola is severely wounded.
You slash the fenstrider witch! You burn the fenstrider witch.
The fenstrider witch closely misses you.
The fenstrider witch barely misses you. Nikola gestures at you while chanting.
The bolt of lightning hits you! You resist.
22679 ||| READING 7 scrolls of teleportation.
As you read the scroll of teleportation, it crumbles to dust.
You feel strangely unstable.
The fenstrider witch closely misses you.
You block the fenstrider witch's attack.
Nikola casts a spell.
Lightning arcs from Nikola's hands!
The bolt of lightning hits you!!! You resist.
You die... 777

7~..PPPPPPPP...~.
..7~..~~...PPPPPPPP...~.
..~........PPPPPPPP..¤~.
~....~..~^PPPPPPPPPP..~.
..~.~~~.~.PPPPPPPPPP....
~~~~~>..~..PP....PP....7
~~~~..~.~............!~.
~~~~.7.~~~..~~..@@.~.~~7
..~.~7..~.......~H7~7~77
7...~~...777~~77.77
777.~~~~.7.~~¤7777
77~.~~~¤..~~.77
77%..~~~~~~¤~.7
%)...~~~~~~~.~7
.~....~~.....77
7~¤7~..~77..77


You could see Nikola and a fenstrider witch.

Vanquished Creatures
  Mlioglotl (Swamp:1)
  Rupert (D:13)
  A tengu reaver (D:12)
  Kirke (Swamp:1)
  A very ugly thing (D:12)
  An eleionoma (Swamp:1)
  Nessos (D:13)
  A spark wasp (shapeshifter) (D:12)
  An ettin (Orc:2)
  Snorg (Lair:3)
  A fire dragon (D:12)
  2 ice dragons
  An entropy weaver (shapeshifter) (D:15)
  4 ogre magi
  8 two-headed ogres
  An alligator (Swamp:1)
  6 hydras
  5 centaur warriors
  2 death knights (D:14)
  3 tengu warriors
  An orc high priest (Orc:1)
  Nergalle (Orc:2)
  A skeletal warrior (D:14)
  A goliath frog (Lair:5)
  A skyshark (Lair:2)
  An orb spider (Lair:3)
  A death drake (shapeshifter) (D:12)
  3 wizards
  A spriggan druid (Swamp:1)
  A swamp dragon (Swamp:1)
  Pikel (D:9)
  A bog body (Swamp:1)
  3 orc knights
  A deep elf archer (D:13)
  A harpy (shapeshifter) (D:14)
  A necromancer (D:15)
  8 ugly things
  9 deep elf pyromancers
  4 manticores
  11 orc sorcerers
  6 cyclopes
  6 black mambas
  A black mamba (shapeshifter) (D:13)
  Maggie (D:9)
  10 elephants
  2 centaur skeletons (D:15)
  A torpor snail (Lair:4)
  19 cane toads
  2 gargoyles (D:13)
  A rime drake (Lair:3)
  3 kobold demonologists (D:12)
  A komodo dragon (shapeshifter) (D:14)
  6 komodo dragons
  4 freezing wraiths (D:15)
  An unseen horror (D:12)
  2 efreet
  2 yaktaurs (D:13)
  3 tengu conjurers
  5 polar bears
  A meliai (shapeshifter) (D:14)
  A hornet (D:10)
  9 meliai
  9 trolls
  19 blink frogs
  4 tyrant leeches
  16 dream sheep
  8 slime creatures
  A centaur simulacrum (D:14)
  5 wraiths
  A spriggan (shapeshifter) (D:14)
  4 shadows
  34 yaks
  A basilisk (Lair:2)
  A vampire (D:14)
  A yak (shapeshifter) (D:14)
  2 wyverns
  4 hogs (Swamp:1)
  Grum (Lair:1)
  24 vampire mosquitoes
  A warg (shapeshifter) (D:13)
  3 wargs (Orc:2)
  4 swamp worms (Swamp:1)
  5 acid dragons
  9 water moccasins
  A water moccasin (shapeshifter) (D:12)
  3 black bears
  19 orc warriors
  8 ice beasts
  A sky beast (D:6)
  A hornet zombie (D:15)
  2 wolves (Lair:1)
  15 centaurs
  9 ogres
  3 phantoms
  3 kobold brigands
  20 bullfrogs
  3 gnoll sergeants
  A wyvern zombie (Ossuary)
  4 scorpions
  9 wights
  3 water moccasin zombies (Ossuary)
  17 killer bees
  2 howler monkeys
  4 electric eels
  3 bullfrog zombies (Ossuary)
  4 centaur zombies
  15 orc priests
  2 hounds (D:5)
  5 jellies
  A gnoll bouda (D:5)
  3 sleepcaps
  7 hell rats (Lair:5)
  5 iguanas
  32 orc wizards
  5 killer bee zombies (Ossuary)
  16 mummies (Ossuary)
  2 howler monkey zombies (Ossuary)
  15 gnolls
  5 adders
  A shadow imp (D:6)
  3 white imps
  An ufetubus (D:4)
  A worm (D:3)
  2 dart slugs
  87 orcs
  9 ball pythons
  10 bats
  9 endoplasms
  8 goblins
  10 hobgoblins
  2 jackals (D:2)
  7 quokkas
  3 frilled lizards
  19 kobolds
  8 rats
767 creatures vanquished.

Vanquished Creatures (others)
  A bloated husk (Swamp:1)
  A vampire mosquito (D:14)
  2 orc wizards (D:11)
4 creatures vanquished.

Grand Total: 771 creatures vanquished

Notes
Turn   | Place    | Note
-------+----------+-------------------------------------------
     0 | D:1      | qw the Gargoyle Fighter began the quest for the Orb.
     0 | D:1      | Reached XP level 1. HP: 14/14 MP: 1/1
     0 | D:1      | 0 ||| qw: Version: 0.3-a-46-gb1f654a
     0 | D:1      | 0 ||| qw: Game counter: 895
     0 | D:1      | 0 ||| qw: Melee chars always use a shield: true
     0 | D:1      | 0 ||| qw: God list: Okawaru
     0 | D:1      | 0 ||| qw: Allow faded altars: false
     0 | D:1      | 0 ||| qw: Do Orc after clearing Dungeon:15 true
     0 | D:1      | 0 ||| qw: Do second Lair branch before Depths: true
     0 | D:1      | 0 ||| qw: Lair rune preference: random
     0 | D:1      | 0 ||| qw: Goals: Normal, Zot:1-4, Slime:5, God:TSO, Crypt,
                  | Tomb, Abyss, Pan, Hells, Win
     0 | D:1      | 0 ||| PLANNING D:1-11
    92 | D:1      | Reached skill level 2 in Axes
   165 | D:1      | Reached XP level 2. HP: 17/19 MP: 2/2
   226 | D:1      | 226 ||| Stepping ~*~*~tactically~*~*~ (stealth).
   533 | D:1      | Reached skill level 3 in Axes
   557 | D:1      | Reached XP level 3. HP: 23/23 MP: 3/3
   557 | D:1      | 557 ||| Stepping ~*~*~tactically~*~*~ (stealth).
   558 | D:1      | 558 ||| Stepping ~*~*~tactically~*~*~ (stealth).
  1133 | D:1      | 1133 ||| UPGRADING to +0 helmet.
  1138 | D:1      | 1138 ||| UPGRADING to +0 chain mail.
  1148 | D:1      | 1148 ||| DROPPING +0 scale mail.
  1149 | D:1      | 1149 ||| READING scroll labelled ROECODE UFEL.
  1150 | D:1      | 1150 ||| READING scroll labelled HYELIZ QOALUY.
  1151 | D:1      | 1151 ||| READING scroll labelled WIUXZU PUTEWNATE.
  2023 | D:2      | 2023 ||| READING scroll labelled BIWITA KIOPP.
  2128 | D:3      | Reached XP level 4. HP: 27/28 MP: 4/4
  2214 | D:3      | Found a hazy altar of Hepliaklqana.
  2313 | D:3      | 2313 ||| Stepping ~*~*~tactically~*~*~ (hiding).
  2318 | D:3      | 2318 ||| Stepping ~*~*~tactically~*~*~ (stealth).
  2353 | D:3      | 2353 ||| Stepping ~*~*~tactically~*~*~ (stealth).
  2355 | D:3      | 2355 ||| Stepping ~*~*~tactically~*~*~ (hiding).
  2359 | D:3      | Reached skill level 4 in Axes
  2381 | D:3      | 2381 ||| DROPPING +0 club.
  2422 | D:3      | 2422 ||| DRINKING 2 golden potions.
  2703 | D:3      | Reached XP level 5. HP: 32/32 MP: 5/5
  2791 | D:3      | 2791 ||| DRINKING 2 sapphire potions.
  2810 | D:4      | 2810 ||| PLANNING OSSUARY
  2810 | D:4      | Found a staircase to the Ecumenical Temple.
  2938 | D:4      | Found a sparkling altar of Nemelex Xobeh.
  2985 | D:4      | 2985 ||| Stepping ~*~*~tactically~*~*~ (hiding).
  2986 | D:4      | 2986 ||| Stepping ~*~*~tactically~*~*~ (hiding).
  2997 | D:4      | Reached skill level 1 in Throwing
  3027 | D:4      | 3027 ||| Stepping ~*~*~tactically~*~*~ (stealth).
  3028 | D:4      | 3028 ||| Stepping ~*~*~tactically~*~*~ (stealth).
  3216 | D:4      | Reached skill level 5 in Axes
  3216 | D:4      | Reached XP level 6. HP: 30/37 MP: 6/6
  3261 | D:4      | 3261 ||| Stepping ~*~*~tactically~*~*~ (stealth).
  3320 | D:4      | 3320 ||| DROPPING +0 whip.
  3354 | D:4      | Found a sand-covered staircase.
  3355 | D:4      | 3355 ||| DROPPING orb of wrath.
  3356 | D:4      | 3356 ||| READING scroll labelled SUPTOL JEARE.
  3357 | D:4      | 3357 ||| READING scroll labelled FUPHIGGO VARCH.
  3391 | Ossuary  | Entered an ossuary
  3394 | Ossuary  | 3394 ||| Stepping ~*~*~tactically~*~*~ (stealth).
  3448 | Ossuary  | HP: 9/38 [bog mummy (6)]
  3449 | Ossuary  | 3449 ||| DRINKING potion of heal wounds.
  3452 | Ossuary  | Reached skill level 6 in Axes
  3452 | Ossuary  | Reached XP level 7. HP: 28/43 MP: 7/7
  3452 | Ossuary  | 3452 ||| FLEEEEING.
  3453 | Ossuary  | 3453 ||| FLEEEEING.
  3454 | Ossuary  | 3454 ||| Stepping ~*~*~tactically~*~*~ (stealth).
  3455 | Ossuary  | 3455 ||| FLEEEEING.
  3456 | Ossuary  | 3456 ||| FLEEEEING.
  3458 | Ossuary  | 3458 ||| FLEEEEING.
  3459 | Ossuary  | 3459 ||| FLEEEEING.
  3460 | Ossuary  | 3460 ||| FLEEEEING.
  3461 | Ossuary  | 3461 ||| FLEEEEING.
  3467 | Ossuary  | 3467 ||| FLEEEEING.
  3468 | Ossuary  | 3468 ||| FLEEEEING.
  3479 | Ossuary  | Reached skill level 1 in Dodging
  3631 | Ossuary  | 3631 ||| Stepping ~*~*~tactically~*~*~ (stealth).
  3655 | Ossuary  | 3655 ||| FLEEEEING.
  3740 | Ossuary  | 3740 ||| Stepping ~*~*~tactically~*~*~ (water).
  3750 | Ossuary  | Reached skill level 7 in Axes
  3761 | Ossuary  | 3761 ||| Stepping ~*~*~tactically~*~*~ (hiding).
  3765 | Ossuary  | 3765 ||| Stepping ~*~*~tactically~*~*~ (water).
  3799 | Ossuary  | Reached XP level 8. HP: 32/49 MP: 8/8
  3890 | Ossuary  | 3890 ||| Stepping ~*~*~tactically~*~*~ (stealth).
  3891 | Ossuary  | 3891 ||| Stepping ~*~*~tactically~*~*~ (stealth).
  3894 | Ossuary  | 3894 ||| Stepping ~*~*~tactically~*~*~ (hiding).
  4165 | Ossuary  | 4165 ||| UPGRADING to amulet of regeneration.
  4170 | Ossuary  | 4170 ||| UPGRADING to +6 ring of dexterity.
  4171 | Ossuary  | 4171 ||| READING scroll labelled USIXTO FUES.
  4172 | Ossuary  | 4172 ||| READING scroll labelled ORGHETRAMUU.
  4173 | Ossuary  | 4173 ||| READING 3 scrolls labelled XAKIHI GANUHAYFOWN.
  4174 | Ossuary  | 4174 ||| READING 2 scrolls of enchant weapon.
  4174 | Ossuary  | 4174 ||| ENCHANTING +1 war axe.
  4175 | Ossuary  | 4175 ||| READING scroll of enchant weapon.
  4175 | Ossuary  | 4175 ||| ENCHANTING +2 war axe.
  4176 | Ossuary  | 4176 ||| READING scroll labelled HOXKIDD QEWO.
  4177 | Ossuary  | 4177 ||| DRINKING 2 fuming coppery potions.
  4178 | Ossuary  | 4178 ||| DRINKING 3 lumpy yellow potions.
  4178 | Ossuary  | Gained mutation: You are agile. (Dex +4, Str/Int -1)
                  | [potion of mutation]
  4178 | Ossuary  | Gained mutation: You are very agile. (Dex +8, Str/Int -2)
                  | [potion of mutation]
  4179 | Ossuary  | 4179 ||| DRINKING 2 grey potions.
  4180 | Ossuary  | 4180 ||| READING 2 scrolls of identify.
  4180 | Ossuary  | 4180 ||| IDENTIFYING lumpy white potion
  4181 | Ossuary  | 4181 ||| DROPPING potion of berserk rage.
  4182 | Ossuary  | 4182 ||| DROPPING potion of degeneration.
  4199 | D:4      | 4199 ||| PLANNING TEMPLE
  4263 | Temple   | Entered the Ecumenical Temple
  4307 | Temple   | 4307 ||| PLANNING OKAWARU WORSHIP
  4417 | Temple   | Became a worshipper of Warmaster Okawaru
  4418 | Temple   | 4418 ||| PLANNING D:1-11
  4474 | D:4      | Found a glowing golden altar of the Shining One.
  4541 | D:4      | Found a burning altar of Makhleb.
  4697 | D:4      | 4697 ||| UPGRADING to +0 cloak.
  4721 | D:5      | Entered Level 5 of the Dungeon
  4745 | D:5      | 4745 ||| Stepping ~*~*~tactically~*~*~ (stealth).
  4746 | D:5      | 4746 ||| Stepping ~*~*~tactically~*~*~ (stealth).
  4747 | D:5      | 4747 ||| Stepping ~*~*~tactically~*~*~ (stealth).
  4768 | D:5      | 4768 ||| Stepping ~*~*~tactically~*~*~ (hiding).
  4978 | D:5      | Identified the +0 hand axe of Guwkek {drain, Str+3}
  5057 | D:5      | Reached skill level 8 in Axes
  5195 | D:5      | Reached skill level 6 in Fighting
  5230 | D:5      | 5230 ||| Stepping ~*~*~tactically~*~*~ (stealth).
  5231 | D:5      | 5231 ||| Stepping ~*~*~tactically~*~*~ (stealth).
  5238 | D:5      | Reached XP level 9. HP: 55/55 MP: 9/9
  5258 | D:5      | 5258 ||| Stepping ~*~*~tactically~*~*~ (stealth).
  5259 | D:5      | 5259 ||| Stepping ~*~*~tactically~*~*~ (stealth).
  5397 | D:5      | 5397 ||| Stepping ~*~*~tactically~*~*~ (stealth).
  5543 | D:5      | 5543 ||| DROPPING ring of wizardry.
  5544 | D:5      | 5544 ||| READING scroll labelled BIPESU XOFEECW.
  5547 | D:5      | 5547 ||| READING scroll labelled JEJUD QUUCVYG.
  5585 | D:6      | 5585 ||| Stepping ~*~*~tactically~*~*~ (stealth).
  5588 | D:6      | 5588 ||| Stepping ~*~*~tactically~*~*~ (stealth).
  5591 | D:6      | Reached * piety under Okawaru
  5592 | D:6      | Reached skill level 9 in Axes
  5602 | D:6      | Reached skill level 1 in Invocations
  5603 | D:6      | Found a snail-covered altar of Cheibriados.
  5965 | D:6      | Reached skill level 3 in Invocations
  5986 | D:6      | Reached skill level 3 in Dodging
  6377 | D:6      | 6377 ||| UPGRADING to ring of positive energy.
  6378 | D:6      | 6378 ||| READING 3 scrolls of identify.
  6378 | D:6      | 6378 ||| IDENTIFYING brown potion
  6396 | D:7      | Found a sacrificial altar of Ru.
  6413 | D:7      | 6413 ||| Stepping ~*~*~tactically~*~*~ (stealth).
  6431 | D:7      | Reached ** piety under Okawaru
  6440 | D:7      | 6440 ||| READING scroll of enchant armour.
  6440 | D:7      | 6440 ||| ENCHANTING +0 helmet.
  6496 | D:7      | 6496 ||| DROPPING +0 mace.
  6531 | D:7      | 6531 ||| Stepping ~*~*~tactically~*~*~ (hiding).
  6547 | D:7      | 6547 ||| Stepping ~*~*~tactically~*~*~ (hiding).
  6548 | D:7      | 6548 ||| Stepping ~*~*~tactically~*~*~ (hiding).
  6549 | D:7      | 6549 ||| Stepping ~*~*~tactically~*~*~ (hiding).
  6551 | D:7      | 6551 ||| Stepping ~*~*~tactically~*~*~ (stealth).
  6552 | D:7      | 6552 ||| Stepping ~*~*~tactically~*~*~ (hiding).
  6574 | D:7      | 6574 ||| Stepping ~*~*~tactically~*~*~ (hiding).
  6575 | D:7      | 6575 ||| Stepping ~*~*~tactically~*~*~ (hiding).
  6576 | D:7      | 6576 ||| Stepping ~*~*~tactically~*~*~ (hiding).
  6577 | D:7      | 6577 ||| Stepping ~*~*~tactically~*~*~ (hiding).
  6580 | D:7      | 6580 ||| Stepping ~*~*~tactically~*~*~ (hiding).
  6618 | D:7      | Found Yfejuido's Book Shoppe.
  6641 | D:7      | Reached XP level 10. HP: 63/63 MP: 13/13
  6666 | D:7      | 6666 ||| Stepping ~*~*~tactically~*~*~ (stealth).
  6672 | D:7      | 6672 ||| Stepping ~*~*~tactically~*~*~ (stealth).
  6700 | D:7      | Found a radiant altar of Vehumet.
  6987 | D:7      | 6987 ||| UPGRADING to +0 kite shield.
  6997 | D:7      | 6997 ||| DROPPING +0 buckler.
  7074 | D:8      | 7074 ||| Stepping ~*~*~tactically~*~*~ (hiding).
  7081 | D:8      | 7081 ||| INVOKING Heroism.
  7159 | D:8      | 7159 ||| Stepping ~*~*~tactically~*~*~ (hiding).
  7180 | D:8      | 7180 ||| READING scroll of enchant armour.
  7180 | D:8      | 7180 ||| ENCHANTING +1 helmet.
  7276 | D:8      | Found a shimmering altar of Xom.
  7445 | D:8      | 7445 ||| DROPPING +3 flail.
  7851 | D:8      | 7851 ||| READING scroll labelled LEHICU AFYMA.
  7893 | D:9      | Found a staircase to the Lair.
  7894 | D:9      | 7894 ||| Stepping ~*~*~tactically~*~*~ (hiding).
  7896 | D:9      | 7896 ||| Stepping ~*~*~tactically~*~*~ (stealth).
  7898 | D:9      | 7898 ||| Stepping ~*~*~tactically~*~*~ (stealth).
  7899 | D:9      | 7899 ||| Stepping ~*~*~tactically~*~*~ (stealth).
  7901 | D:9      | Noticed an elephant
  7901 | D:9      | 7901 ||| Stepping ~*~*~tactically~*~*~ (stealth).
  7905 | D:9      | 7905 ||| INVOKING Heroism.
  7909 | D:9      | Reached skill level 6 in Shields
  7926 | D:9      | Killed an elephant
  7929 | D:9      | 7929 ||| Stepping ~*~*~tactically~*~*~ (hiding).
  7930 | D:9      | 7930 ||| Stepping ~*~*~tactically~*~*~ (hiding).
  7993 | D:9      | Identified the +2 hat of the Other World {Rampage Regen+}
  8044 | D:9      | Reached *** piety under Okawaru
  8153 | D:9      | Found Eneohoerch's Assorted Antiques.
  8166 | D:9      | 8166 ||| BUYING marble ring (165 gold).
  8166 | D:9      | Bought a marble ring for 165 gold pieces
  8166 | D:9      | 8166 ||| BUYING pair of gloves (148 gold).
  8166 | D:9      | Bought a pair of gloves for 148 gold pieces
  8166 | D:9      | 8166 ||| BUYING potion of enlightenment (165 gold).
  8166 | D:9      | Bought a potion of enlightenment for 165 gold pieces
  8166 | D:9      | 8166 ||| SHOPLISTING scroll of enchant weapon (247 gold,
                  | have 25).
  8166 | D:9      | 8166 ||| SHOPLISTING scroll of teleportation (99 gold, have
                  | 25).
  8166 | D:9      | 8166 ||| SHOPLISTING shiny chain mail (247 gold, have 25).
  8235 | D:9      | 8235 ||| Stepping ~*~*~tactically~*~*~ (stealth).
  8246 | D:9      | Reached skill level 9 in Shields
  8386 | D:9      | Noticed Pikel
  8403 | D:9      | Killed Pikel
  8404 | D:9      | Reached skill level 10 in Axes
  8424 | D:9      | Noticed Maggie
  8435 | D:9      | Killed Maggie
  8435 | D:9      | Reached **** piety under Okawaru
  8439 | D:9      | 8439 ||| SWAPPING to +1 war axe of flaming.
  8440 | D:9      | 8440 ||| DROPPING +0 morningstar.
  8567 | D:9      | Reached XP level 11. HP: 63/68 MP: 14/14
  8601 | D:9      | 8601 ||| INVOKING Heroism.
  8643 | D:9      | 8643 ||| PLANNING LAIR
  8643 | D:9      | 8643 ||| UPGRADING to +0 ice dragon scales.
  8653 | D:9      | 8653 ||| DROPPING +0 chain mail.
  8654 | D:9      | 8654 ||| UPGRADING to +2 hat of the Other World {Rampage
                  | Regen+}.
  8664 | D:9      | 8664 ||| DROPPING +2 helmet.
  8665 | D:9      | 8665 ||| UPGRADING to +0 plate armour.
  8675 | D:9      | 8675 ||| UPGRADING to +0 pair of gloves.
  8680 | D:9      | 8680 ||| UPGRADING to +4 ring of protection.
  8682 | D:9      | 8682 ||| UPGRADING to ring of protection from cold.
  8684 | D:9      | 8684 ||| DROPPING ring of positive energy.
  8685 | D:9      | 8685 ||| READING 8 scrolls of identify.
  8685 | D:9      | 8685 ||| IDENTIFYING amethyst potion
  8686 | D:9      | 8686 ||| READING 7 scrolls of identify.
  8686 | D:9      | 8686 ||| IDENTIFYING sedimented orange potion
  8687 | D:9      | 8687 ||| DROPPING potion of brilliance.
  8707 | Lair:1   | Entered Level 1 of the Lair of Beasts
  8721 | Lair:1   | 8721 ||| INVOKING Heroism.
  8722 | Lair:1   | 8722 ||| Stepping ~*~*~tactically~*~*~ (stealth).
  8743 | Lair:1   | 8743 ||| INVOKING Heroism.
  8760 | Lair:1   | Reached skill level 6 in Armour
  8775 | Lair:1   | Found a large runed translucent door.
  8775 | Lair:1   | Found a large runed translucent door.
  8935 | Lair:1   | 8935 ||| INVOKING Heroism.
  9013 | Lair:1   | Noticed Grum
  9014 | Lair:1   | 9014 ||| INVOKING Heroism.
  9032 | Lair:1   | Killed Grum
  9142 | Lair:1   | Noticed qw's ghost (novice GrFi)
  9159 | Lair:1   | 9159 ||| INVOKING Heroism.
  9386 | Lair:1   | Noticed an ice dragon
  9387 | Lair:1   | 9387 ||| INVOKING Heroism.
  9397 | Lair:1   | HP: 16/68 [ice dragon/blast of cold (4)]
  9398 | Lair:1   | 9398 ||| READING 4 scrolls of teleportation.
  9400 | Lair:1   | 9400 ||| DRINKING 2 potions of heal wounds.
  9605 | Lair:1   | 9605 ||| INVOKING Heroism.
  9621 | Lair:1   | Killed an ice dragon
  9771 | Lair:1   | 9771 ||| READING scroll labelled FUWNYU LUFUA.
  9904 | Lair:2   | 9904 ||| Stepping ~*~*~tactically~*~*~ (stealth).
  9906 | Lair:2   | 9906 ||| Stepping ~*~*~tactically~*~*~ (stealth).
  9919 | Lair:2   | 9919 ||| INVOKING Heroism.
  9924 | Lair:2   | Reached skill level 11 in Axes
  9993 | Lair:2   | 9993 ||| Stepping ~*~*~tactically~*~*~ (stealth).
  9994 | Lair:2   | 9994 ||| DROPPING +3 war axe.
  9998 | Lair:2   | 9998 ||| INVOKING Heroism.
 10029 | Lair:2   | 10029 ||| INVOKING Heroism.
 10034 | Lair:2   | Reached skill level 6 in Invocations
 10062 | Lair:2   | 10062 ||| INVOKING Heroism.
 10164 | Lair:2   | 10164 ||| Stepping ~*~*~tactically~*~*~ (hiding).
 10188 | Lair:2   | Noticed a skyshark
 10203 | Lair:2   | Killed a skyshark
 10225 | Lair:2   | 10225 ||| INVOKING Heroism.
 10274 | Lair:2   | 10274 ||| INVOKING Heroism.
 10342 | Lair:2   | Noticed a four-headed hydra
 10343 | Lair:2   | 10343 ||| INVOKING Heroism.
 10355 | Lair:2   | Killed a one-headed hydra
 10356 | Lair:2   | Reached XP level 12. HP: 62/73 MP: 15/17
 10769 | Lair:2   | 10769 ||| READING 11 scrolls of identify.
 10769 | Lair:2   | 10769 ||| IDENTIFYING fizzy ruby potion
 10801 | Lair:3   | 10801 ||| Stepping ~*~*~tactically~*~*~ (stealth).
 10805 | Lair:3   | 10805 ||| Stepping ~*~*~tactically~*~*~ (stealth).
 10806 | Lair:3   | 10806 ||| Stepping ~*~*~tactically~*~*~ (stealth).
 10815 | Lair:3   | 10815 ||| Stepping ~*~*~tactically~*~*~ (stealth).
 10817 | Lair:3   | 10817 ||| INVOKING Heroism.
 10818 | Lair:3   | 10818 ||| Stepping ~*~*~tactically~*~*~ (stealth).
 10824 | Lair:3   | 10824 ||| Stepping ~*~*~tactically~*~*~ (stealth).
 10839 | Lair:3   | 10839 ||| Stepping ~*~*~tactically~*~*~ (stealth).
 10859 | Lair:3   | 10859 ||| INVOKING Heroism.
 10866 | Lair:3   | Reached skill level 9 in Fighting
 10891 | Lair:3   | 10891 ||| Stepping ~*~*~tactically~*~*~ (stealth).
 10892 | Lair:3   | 10892 ||| Stepping ~*~*~tactically~*~*~ (stealth).
 10895 | Lair:3   | Noticed a five-headed hydra
 10902 | Lair:3   | 10902 ||| INVOKING Heroism.
 10906 | Lair:3   | Killed a two-headed hydra
 10923 | Lair:3   | 10923 ||| Stepping ~*~*~tactically~*~*~ (hiding).
 11103 | Lair:3   | Found a hole to the Spider Nest.
 11126 | Lair:3   | 11126 ||| INVOKING Heroism.
 11131 | Lair:3   | Reached skill level 9 in Invocations
 11164 | Lair:3   | Noticed a five-headed hydra
 11165 | Lair:3   | 11165 ||| INVOKING Heroism.
 11176 | Lair:3   | Killed a one-headed hydra
 11189 | Lair:3   | Reached ***** piety under Okawaru
 11217 | Lair:3   | Noticed Snorg
 11218 | Lair:3   | 11218 ||| INVOKING Heroism.
 11237 | Lair:3   | Killed Snorg
 11269 | Lair:3   | Received a gift from Okawaru
 11273 | Lair:3   | 11273 ||| INVOKING Heroism.
 11313 | Lair:3   | Found a staircase to the Swamp.
 11331 | Lair:3   | Reached skill level 12 in Axes
 11332 | Lair:3   | 11332 ||| READING scroll of enchant weapon.
 11332 | Lair:3   | 11332 ||| ENCHANTING +1 war axe of flaming.
 11633 | Lair:3   | 11633 ||| UPGRADING to +1 pair of gloves.
 11643 | Lair:3   | 11643 ||| DROPPING +0 pair of gloves.
 11782 | Lair:4   | Reached skill level 9 in Armour
 11800 | Lair:4   | 11800 ||| INVOKING Heroism.
 11812 | Lair:4   | Reached XP level 13. HP: 79/80 MP: 18/20
 11855 | Lair:4   | 11855 ||| READING 4 scrolls of teleportation.
 12022 | Lair:4   | 12022 ||| Stepping ~*~*~tactically~*~*~ (stealth).
 12075 | Lair:4   | 12075 ||| INVOKING Heroism.
 12086 | Lair:4   | Identified the +3 scale mail of Miloaz {Int+3} (Okawaru
                  | gifted it to you on level 4 of the Lair of Beasts)
 12086 | Lair:4   | Received a gift from Okawaru
 12107 | Lair:4   | 12107 ||| INVOKING Heroism.
 12147 | Lair:4   | Noticed an ice dragon
 12148 | Lair:4   | 12148 ||| INVOKING Heroism.
 12149 | Lair:4   | 12149 ||| INVOKING Finesse.
 12154 | Lair:4   | 12154 ||| READING scroll labelled EFEQICV UMOWN.
 12154 | Lair:4   | Identified a scroll of acquirement
 12154 | Lair:4   | 12154 ||| ACQUIRING 954 gold pieces
 12154 | Lair:4   | Acquired 954 gold pieces
 12162 | Lair:4   | 12162 ||| Stepping ~*~*~tactically~*~*~ (water).
 12167 | Lair:4   | Killed an ice dragon
 12372 | Lair:4   | Found a viscous altar of Jiyva.
 12614 | Lair:4   | Found a staircase to the Slime Pits.
 12639 | Lair:5   | Entered Level 5 of the Lair of Beasts
 12644 | Lair:5   | 12644 ||| STAIRDANCE
 12691 | Lair:5   | 12691 ||| INVOKING Heroism.
 12697 | Lair:5   | Reached skill level 13 in Axes
 12758 | Lair:5   | 12758 ||| INVOKING Heroism.
 12823 | Lair:5   | 12823 ||| Stepping ~*~*~tactically~*~*~ (stealth).
 12890 | Lair:5   | 12890 ||| Stepping ~*~*~tactically~*~*~ (stealth).
 12891 | Lair:5   | 12891 ||| Stepping ~*~*~tactically~*~*~ (stealth).
 12913 | Lair:5   | 12913 ||| INVOKING Heroism.
 12932 | Lair:5   | 12932 ||| Stepping ~*~*~tactically~*~*~ (stealth).
 12941 | Lair:5   | 12941 ||| Stepping ~*~*~tactically~*~*~ (stealth).
 12942 | Lair:5   | 12942 ||| Stepping ~*~*~tactically~*~*~ (stealth).
 12945 | Lair:5   | 12945 ||| Stepping ~*~*~tactically~*~*~ (stealth).
 12969 | Lair:5   | 12969 ||| Stepping ~*~*~tactically~*~*~ (stealth).
 12972 | Lair:5   | 12972 ||| INVOKING Heroism.
 13051 | Lair:5   | 13051 ||| Stepping ~*~*~tactically~*~*~ (stealth).
 13055 | Lair:5   | 13055 ||| Stepping ~*~*~tactically~*~*~ (stealth).
 13059 | Lair:5   | 13059 ||| INVOKING Heroism.
 13108 | Lair:5   | 13108 ||| Stepping ~*~*~tactically~*~*~ (stealth).
 13116 | Lair:5   | 13116 ||| INVOKING Heroism.
 13126 | Lair:5   | 13126 ||| Stepping ~*~*~tactically~*~*~ (stealth).
 13128 | Lair:5   | 13128 ||| Stepping ~*~*~tactically~*~*~ (stealth).
 13129 | Lair:5   | 13129 ||| Stepping ~*~*~tactically~*~*~ (stealth).
 13131 | Lair:5   | 13131 ||| Stepping ~*~*~tactically~*~*~ (stealth).
 13139 | Lair:5   | 13139 ||| Stepping ~*~*~tactically~*~*~ (stealth).
 13142 | Lair:5   | 13142 ||| Stepping ~*~*~tactically~*~*~ (stealth).
 13143 | Lair:5   | 13143 ||| Stepping ~*~*~tactically~*~*~ (stealth).
 13214 | Lair:5   | 13214 ||| INVOKING Heroism.
 13234 | Lair:5   | 13234 ||| Stepping ~*~*~tactically~*~*~ (water).
 13242 | Lair:5   | Reached skill level 14 in Axes
 13261 | Lair:5   | 13261 ||| INVOKING Heroism.
 13274 | Lair:5   | 13274 ||| Stepping ~*~*~tactically~*~*~ (stealth).
 13293 | Lair:5   | 13293 ||| Stepping ~*~*~tactically~*~*~ (water).
 13340 | Lair:5   | Gained mutation: Your large and strong wings let you fly.
                  | [Gargoyle growth]
 13340 | Lair:5   | Reached XP level 14. HP: 88/88 MP: 21/21
 13472 | Lair:5   | 13472 ||| Stepping ~*~*~tactically~*~*~ (stealth).
 13670 | Lair:5   | 13670 ||| PLANNING D:1-11
 13762 | D:10     | Entered Level 10 of the Dungeon
 13764 | D:10     | 13764 ||| Stepping ~*~*~tactically~*~*~ (hiding).
 13911 | D:10     | 13911 ||| Stepping ~*~*~tactically~*~*~ (hiding).
 14112 | D:10     | 14112 ||| Stepping ~*~*~tactically~*~*~ (stealth).
 14121 | D:10     | 14121 ||| Stepping ~*~*~tactically~*~*~ (stealth).
 14252 | D:10     | 14252 ||| Stepping ~*~*~tactically~*~*~ (hiding).
 14254 | D:10     | 14254 ||| Stepping ~*~*~tactically~*~*~ (hiding).
 14255 | D:10     | 14255 ||| Stepping ~*~*~tactically~*~*~ (hiding).
 14256 | D:10     | 14256 ||| Stepping ~*~*~tactically~*~*~ (hiding).
 14257 | D:10     | 14257 ||| Stepping ~*~*~tactically~*~*~ (hiding).
 14553 | D:10     | Found Bekaonur's Weapon Boutique.
 14561 | D:10     | 14561 ||| BUYING +3 antimagic broad axe (348 gold).
 14561 | D:10     | Bought a +3 antimagic broad axe for 348 gold pieces
 14684 | D:10     | Found a glowing silver altar of Zin.
 14965 | D:10     | 14965 ||| UPGRADING to +2 kite shield.
 14975 | D:10     | 14975 ||| DROPPING +0 kite shield.
 15135 | D:11     | Reached skill level 12 in Shields
 15163 | D:11     | 15163 ||| Stepping ~*~*~tactically~*~*~ (stealth).
 15164 | D:11     | 15164 ||| Stepping ~*~*~tactically~*~*~ (stealth).
 15211 | D:11     | 15211 ||| INVOKING Heroism.
 15218 | D:11     | 15218 ||| FLEEEEING.
 15219 | D:11     | 15219 ||| FLEEEEING.
 15220 | D:11     | 15220 ||| FLEEEEING.
 15433 | D:11     | Received a gift from Okawaru
 15442 | D:11     | Found a staircase to the Orcish Mines.
 15567 | D:11     | 15567 ||| Invisibility monster not found???
 15704 | D:11     | 15704 ||| PLANNING D
 15719 | D:12     | 15719 ||| PLANNING GAUNTLET
 15744 | D:12     | 15744 ||| INVOKING Heroism.
 15747 | D:12     | 15747 ||| INVOKING Finesse.
 15816 | D:12     | 15816 ||| Stepping ~*~*~tactically~*~*~ (stealth).
 15959 | D:12     | 15959 ||| Stepping ~*~*~tactically~*~*~ (hiding).
 15976 | D:12     | 15976 ||| INVOKING Heroism.
 15981 | D:12     | a boulder beetle changed into a broodmother
 15981 | D:12     | Noticed a broodmother (glowing shapeshifter)
 15988 | D:12     | a broodmother changed into a great orb of eyes
 15992 | D:12     | 15992 ||| INVOKING Heroism.
 16013 | D:12     | Noticed a quicksilver ooze
 16027 | D:12     | Received a gift from Okawaru
 16028 | D:12     | Reached skill level 15 in Axes
 16040 | D:12     | 16040 ||| FLEEEEING.
 16041 | D:12     | 16041 ||| FLEEEEING.
 16042 | D:12     | 16042 ||| FLEEEEING.
 16043 | D:12     | 16043 ||| FLEEEEING.
 16044 | D:12     | 16044 ||| FLEEEEING.
 16045 | D:12     | 16045 ||| INVOKING Heroism.
 16046 | D:12     | 16046 ||| INVOKING Finesse.
 16088 | D:12     | Noticed a tengu reaver
 16094 | D:12     | 16094 ||| INVOKING Heroism.
 16106 | D:12     | Killed a tengu reaver
 16149 | D:12     | Noticed a red very ugly thing
 16154 | D:12     | 16154 ||| Stepping ~*~*~tactically~*~*~ (stealth).
 16155 | D:12     | 16155 ||| Stepping ~*~*~tactically~*~*~ (stealth).
 16174 | D:12     | 16174 ||| INVOKING Heroism.
 16177 | D:12     | Killed a red very ugly thing
 16262 | D:12     | 16262 ||| Stepping ~*~*~tactically~*~*~ (hiding).
 16354 | D:12     | 16354 ||| RIP GAUNTLET
 16355 | D:12     | 16355 ||| PLANNING D
 16843 | D:12     | 16843 ||| DROPPING scarf of invisibility.
 16903 | D:13     | Reached skill level 12 in Fighting
 17122 | D:13     | 17122 ||| Stepping ~*~*~tactically~*~*~ (stealth).
 17143 | D:13     | 17143 ||| Stepping ~*~*~tactically~*~*~ (stealth).
 17145 | D:13     | 17145 ||| Stepping ~*~*~tactically~*~*~ (stealth).
 17212 | D:13     | 17212 ||| Stepping ~*~*~tactically~*~*~ (hiding).
 17228 | D:13     | 17228 ||| INVOKING Heroism.
 17241 | D:13     | Reached XP level 15. HP: 81/96 MP: 20/22
 17358 | D:13     | 17358 ||| INVOKING Heroism.
 17377 | D:13     | Received a gift from Okawaru
 17404 | D:13     | 17404 ||| FLEEEEING.
 17406 | D:13     | 17406 ||| FLEEEEING.
 17407 | D:13     | 17407 ||| FLEEEEING.
 17408 | D:13     | 17408 ||| FLEEEEING.
 17409 | D:13     | 17409 ||| FLEEEEING.
 17410 | D:13     | 17410 ||| FLEEEEING.
 17411 | D:13     | 17411 ||| FLEEEEING.
 17412 | D:13     | 17412 ||| FLEEEEING.
 17415 | D:13     | 17415 ||| INVOKING Heroism.
 17451 | D:13     | Found a gate to the Vaults.
 17671 | D:13     | Noticed Nessos
 17672 | D:13     | 17672 ||| INVOKING Finesse.
 17680 | D:13     | Killed Nessos
 17680 | D:13     | Identified the +1 chain mail "Siarug" {*Slow rCorr Str+5
                  | Dex+4} (Okawaru gifted it to you on level 13 of the
                  | Dungeon)
 17680 | D:13     | Received a gift from Okawaru
 17846 | D:13     | 17846 ||| FLEEEEING.
 17971 | D:13     | Noticed Rupert
 17972 | D:13     | 17972 ||| INVOKING Heroism.
 17973 | D:13     | 17973 ||| INVOKING Finesse.
 18000 | D:13     | Killed Rupert
 18144 | D:13     | 18144 ||| UPGRADING to +1 chain mail "Siarug" {*Slow rCorr
                  | Str+5 Dex+4}.
 18154 | D:13     | 18154 ||| READING 15 scrolls of identify.
 18154 | D:13     | 18154 ||| IDENTIFYING sedimented amethyst potion
 18178 | D:14     | 18178 ||| Stepping ~*~*~tactically~*~*~ (hiding).
 18179 | D:14     | 18179 ||| Stepping ~*~*~tactically~*~*~ (hiding).
 18181 | D:14     | 18181 ||| Stepping ~*~*~tactically~*~*~ (hiding).
 18329 | D:14     | 18329 ||| INVOKING Heroism.
 18347 | D:14     | 18347 ||| INVOKING Heroism.
 18386 | D:14     | Noticed Roxanne
 18387 | D:14     | 18387 ||| INVOKING Heroism.
 18425 | D:14     | 18425 ||| Stepping ~*~*~tactically~*~*~ (hiding).
 18428 | D:14     | 18428 ||| FLEEEEING.
 18429 | D:14     | 18429 ||| FLEEEEING.
 18430 | D:14     | 18430 ||| FLEEEEING.
 18431 | D:14     | 18431 ||| FLEEEEING.
 18432 | D:14     | 18432 ||| FLEEEEING.
 18433 | D:14     | 18433 ||| INVOKING Heroism.
 18496 | D:14     | 18496 ||| INVOKING Heroism.
 18588 | D:14     | 18588 ||| INVOKING Heroism.
 18675 | D:14     | 18675 ||| Stepping ~*~*~tactically~*~*~ (stealth).
 18677 | D:14     | 18677 ||| Stepping ~*~*~tactically~*~*~ (hiding).
 18689 | D:14     | 18689 ||| Stepping ~*~*~tactically~*~*~ (hiding).
 18690 | D:14     | 18690 ||| Stepping ~*~*~tactically~*~*~ (hiding).
 18935 | D:14     | 18935 ||| INVOKING Heroism.
 18941 | D:14     | Reached skill level 6 in Dodging
 18972 | D:14     | Reached skill level 16 in Axes
 19121 | D:14     | 19121 ||| INVOKING Heroism.
 19163 | D:14     | 19163 ||| INVOKING Heroism.
 19178 | D:14     | 19178 ||| DROPPING +0 broad axe.
 19199 | D:14     | 19199 ||| READING scroll of enchant armour.
 19199 | D:14     | 19199 ||| ENCHANTING +1 pair of gloves.
 19394 | D:14     | 19394 ||| READING 14 scrolls of identify.
 19394 | D:14     | 19394 ||| IDENTIFYING dark potion
 19395 | D:14     | 19395 ||| READING 13 scrolls of identify.
 19395 | D:14     | 19395 ||| IDENTIFYING bubbling orange potion
 19396 | D:14     | 19396 ||| DROPPING potion of ambrosia.
 19416 | D:15     | Entered Level 15 of the Dungeon
 19501 | D:15     | Found a frozen archway.
 19620 | D:15     | 19620 ||| Stepping ~*~*~tactically~*~*~ (hiding).
 19631 | D:15     | 19631 ||| Stepping ~*~*~tactically~*~*~ (hiding).
 19713 | D:15     | 19713 ||| INVOKING Heroism.
 19748 | D:15     | 19748 ||| Stepping ~*~*~tactically~*~*~ (hiding).
 19749 | D:15     | 19749 ||| INVOKING Heroism.
 20180 | D:15     | 20180 ||| Stepping ~*~*~tactically~*~*~ (hiding).
 20185 | D:15     | 20185 ||| INVOKING Heroism.
 20187 | D:15     | Reached XP level 16. HP: 104/104 MP: 20/23
 20214 | D:15     | 20214 ||| Stepping ~*~*~tactically~*~*~ (hiding).
 20215 | D:15     | 20215 ||| Stepping ~*~*~tactically~*~*~ (hiding).
 20216 | D:15     | 20216 ||| Stepping ~*~*~tactically~*~*~ (hiding).
 20242 | D:15     | 20242 ||| Stepping ~*~*~tactically~*~*~ (stealth).
 20243 | D:15     | 20243 ||| Stepping ~*~*~tactically~*~*~ (stealth).
 20264 | D:15     | Found a staircase to the Depths.
 20368 | D:15     | 20368 ||| PLANNING ORC
 20368 | D:15     | 20368 ||| READING 13 scrolls of identify.
 20368 | D:15     | 20368 ||| IDENTIFYING cyan potion
 20482 | Orc:1    | Entered Level 1 of the Orcish Mines
 20504 | Orc:1    | 20504 ||| INVOKING Heroism.
 20717 | Orc:1    | 20717 ||| Stepping ~*~*~tactically~*~*~ (hiding).
 20718 | Orc:1    | 20718 ||| Stepping ~*~*~tactically~*~*~ (hiding).
 20721 | Orc:1    | 20721 ||| INVOKING Heroism.
 20736 | Orc:1    | Reached skill level 3 in Throwing
 20786 | Orc:1    | 20786 ||| DROPPING +0 plate armour.
 20787 | Orc:1    | 20787 ||| UPGRADING to +2 plate armour of poison
                  | resistance.
 20811 | Orc:2    | Entered Level 2 of the Orcish Mines
 20811 | Orc:2    | Found a staircase to the Elven Halls.
 20829 | Orc:2    | 20829 ||| INVOKING Heroism.
 20909 | Orc:2    | 20909 ||| INVOKING Heroism.
 20965 | Orc:2    | 20965 ||| Stepping ~*~*~tactically~*~*~ (hiding).
 20966 | Orc:2    | 20966 ||| Stepping ~*~*~tactically~*~*~ (hiding).
 20975 | Orc:2    | 20975 ||| Stepping ~*~*~tactically~*~*~ (hiding).
 20977 | Orc:2    | 20977 ||| Stepping ~*~*~tactically~*~*~ (hiding).
 20978 | Orc:2    | 20978 ||| Stepping ~*~*~tactically~*~*~ (hiding).
 21162 | Orc:2    | 21162 ||| INVOKING Heroism.
 21203 | Orc:2    | 21203 ||| Stepping ~*~*~tactically~*~*~ (stealth).
 21210 | Orc:2    | 21210 ||| Stepping ~*~*~tactically~*~*~ (stealth).
 21211 | Orc:2    | 21211 ||| Stepping ~*~*~tactically~*~*~ (stealth).
 21212 | Orc:2    | 21212 ||| Stepping ~*~*~tactically~*~*~ (stealth).
 21214 | Orc:2    | 21214 ||| Stepping ~*~*~tactically~*~*~ (hiding).
 21252 | Orc:2    | Received a gift from Okawaru
 21277 | Orc:2    | Found a runed translucent door.
 21279 | Orc:2    | Found a shimmering altar of Xom.
 21279 | Orc:2    | Noticed qw's ghost (adept GrFi)
 21409 | Orc:2    | 21409 ||| Stepping ~*~*~tactically~*~*~ (hiding).
 21411 | Orc:2    | 21411 ||| Stepping ~*~*~tactically~*~*~ (hiding).
 21414 | Orc:2    | 21414 ||| Stepping ~*~*~tactically~*~*~ (stealth).
 21415 | Orc:2    | 21415 ||| INVOKING Heroism.
 21428 | Orc:2    | 21428 ||| Stepping ~*~*~tactically~*~*~ (stealth).
 21430 | Orc:2    | 21430 ||| Stepping ~*~*~tactically~*~*~ (stealth).
 21434 | Orc:2    | 21434 ||| Stepping ~*~*~tactically~*~*~ (stealth).
 21436 | Orc:2    | 21436 ||| Stepping ~*~*~tactically~*~*~ (hiding).
 21437 | Orc:2    | 21437 ||| Stepping ~*~*~tactically~*~*~ (hiding).
 21440 | Orc:2    | 21440 ||| Stepping ~*~*~tactically~*~*~ (hiding).
 21444 | Orc:2    | 21444 ||| Stepping ~*~*~tactically~*~*~ (stealth).
 21627 | Orc:2    | 21627 ||| INVOKING Heroism.
 21628 | Orc:2    | 21628 ||| Stepping ~*~*~tactically~*~*~ (hiding).
 21629 | Orc:2    | 21629 ||| Stepping ~*~*~tactically~*~*~ (hiding).
 21656 | Orc:2    | Found Wibotsas's Antique Armour Shoppe.
 21666 | Orc:2    | 21666 ||| BUYING runed chain mail (195 gold).
 21666 | Orc:2    | Bought a runed chain mail for 195 gold pieces
 21680 | Orc:2    | Found a radiant altar of Vehumet.
 21690 | Orc:2    | 21690 ||| INVOKING Heroism.
 21696 | Orc:2    | Reached skill level 12 in Armour
 21697 | Orc:2    | Paralysed by something for 2 turns
 21700 | Orc:2    | 21700 ||| Stepping ~*~*~tactically~*~*~ (stealth).
 21704 | Orc:2    | 21704 ||| Stepping ~*~*~tactically~*~*~ (hiding).
 21709 | Orc:2    | 21709 ||| FLEEEEING.
 21712 | Orc:2    | 21712 ||| FLEEEEING.
 21759 | Orc:2    | Found Numoplia's Jewellery Shoppe.
 21764 | Orc:2    | 21764 ||| INVOKING Heroism.
 21769 | Orc:2    | Found an ancient bone altar of Kikubaaqudgha.
 21772 | Orc:2    | Noticed Nergalle
 21784 | Orc:2    | Killed Nergalle
 21795 | Orc:2    | 21795 ||| BUYING +5 ring of evasion (576 gold).
 21795 | Orc:2    | Bought a +5 ring of evasion for 576 gold pieces
 21795 | Orc:2    | 21795 ||| BUYING +6 ring of strength (576 gold).
 21795 | Orc:2    | Bought a +6 ring of strength for 576 gold pieces
 21795 | Orc:2    | 21795 ||| BUYING amulet of faith (640 gold).
 21795 | Orc:2    | Bought an amulet of faith for 640 gold pieces
 21795 | Orc:2    | 21795 ||| BUYING ring of Rienoraw {rPois rC+ rN++ MP+9
                  | Str-3} (678 gold).
 21795 | Orc:2    | Bought the ring of Rienoraw {rPois rC+ rN++ MP+9 Str-3} for
                  | 678 gold pieces
 21795 | Orc:2    | 21795 ||| SHOPLISTING ring of resist corrosion (320 gold,
                  | have 30).
 21827 | Orc:2    | 21827 ||| Stepping ~*~*~tactically~*~*~ (hiding).
 21828 | Orc:2    | 21828 ||| Stepping ~*~*~tactically~*~*~ (hiding).
 21967 | Orc:2    | Found Unettut's Jewellery Shoppe.
 21984 | Orc:2    | Found Ellach's Magic Scroll Emporium.
 21987 | Orc:2    | 21987 ||| SHOPLISTING ring of ice (375 gold, have 30).
 21987 | Orc:2    | 21987 ||| SHOPLISTING ring of protection from cold (375
                  | gold, have 30).
 21987 | Orc:2    | 21987 ||| SHOPLISTING ring of resist corrosion (300 gold,
                  | have 30).
 21995 | Orc:2    | 21995 ||| SHOPLISTING scroll of brand weapon (133 gold,
                  | have 30).
 21995 | Orc:2    | 21995 ||| SHOPLISTING scroll of enchant armour (105 gold,
                  | have 30).
 21995 | Orc:2    | 21995 ||| SHOPLISTING scroll of enchant weapon (105 gold,
                  | have 30).
 22087 | Orc:2    | 22087 ||| PLANNING SWAMP:1-3
 22087 | Orc:2    | 22087 ||| UPGRADING to amulet of faith.
 22097 | Orc:2    | 22097 ||| DROPPING +6 ring of dexterity.
 22098 | Orc:2    | 22098 ||| UPGRADING to +5 ring of evasion.
 22100 | Orc:2    | 22100 ||| UPGRADING to +6 ring of strength.
 22102 | Orc:2    | 22102 ||| DROPPING +4 ring of protection.
 22237 | Swamp:1  | Entered Level 1 of the Swamp
 22243 | Swamp:1  | 22243 ||| Stepping ~*~*~tactically~*~*~ (cloud).
 22246 | Swamp:1  | 22246 ||| Stepping ~*~*~tactically~*~*~ (cloud).
 22247 | Swamp:1  | 22247 ||| INVOKING Heroism.
 22249 | Swamp:1  | 22249 ||| Stepping ~*~*~tactically~*~*~ (cloud).
 22300 | Swamp:1  | Noticed Mlioglotl
 22303 | Swamp:1  | 22303 ||| INVOKING Heroism.
 22319 | Swamp:1  | Killed Mlioglotl
 22410 | Swamp:1  | 22410 ||| Invisibility monster not found???
 22594 | Swamp:1  | 22594 ||| INVOKING Heroism.
 22601 | Swamp:1  | Noticed Kirke
 22622 | Swamp:1  | Killed Kirke
 22662 | Swamp:1  | Noticed Nikola
 22663 | Swamp:1  | 22663 ||| INVOKING Heroism.
 22668 | Swamp:1  | Noticed a fenstrider witch
 22678 | Swamp:1  | HP: 24/105 [Nikola/bolt of lightning (8)]
 22679 | Swamp:1  | 22679 ||| READING 7 scrolls of teleportation.
 22679 | Swamp:1  | Killed from afar by Nikola

Levels and vault maps discovered:
D:1:      tekkud_arrival_beachfront_property, layout_loops_corners,
          serial_aquarium, aquarium_bridge_square [aquarium_subvault_wall,
          aquarium_subvault_bridge, aquarium_subvault_bridge,
          aquarium_subvault_wall], aquarium_window_corner,
          aquarium_window_corridor_1, aquarium_view_2f,
          chequers_serial_rivers_micro_b
D:2:      layout_basic
D:3:      layout_loops_ring, nicolae_hepliaklqana_hazy_memory,
          nicolae_concentric_dashed_squares_mild
D:4:      layout_basic, amcnicky_altar_gilded, nicolae_tso_swordbearing_angel,
          kennysheep_mini, minmay_temple_entry_statues_fountains,
          enter_ossuary_5
D:5:      layout_loops_ring
D:6:      layout_basic, cheibriados_altar_1
D:7:      layout_cave_pools, mainiacjoe_overflow_24_doors,
          nicolae_overflow_crystal_walls, serial_shops, shop,
          minmay_misc_feat_diagonals, minmay_splitting_lines
D:8:      layout_basic, lemuel_doored_altar, skrybe_limestone_x
D:9:      layout_roguey, david_lair_generic, serial_shops,
          nicolae_shop_tiny_glass, grunt_ministairs_2, uniq_pikel, uniq_maggie
D:10:     layout_layer_cave, zin_statuary, serial_shops, shop_fountains
D:11:     layout_cave_pools, erik_orc_2, minivault_11
D:12:     thingy_vault, layout_basic, gauntlet_entry_generic
D:13:     nooodl_glass_maze, layout_loops_corners,
          hangedman_vaults_entry_quadrant_bands, uniq_rupert, uniq_nessos
D:14:     layout_stronghold, minmay_alternating_orb, uniq_roxanne
D:15:     grunt_enter_depths_magical_seal, layout_irregular_city,
          chequers_jeans, portal_ice_cave_entry_frozen_things
Temple:   hellmonk_temple_forest_ring
Lair:1:   dragon1_lemuel, layout_cave_pods, ebering_ghost_disaster_area,
          cheibrodos_lair_lostbears, uniq_grum
Lair:2:   layout_regular_city, chequers_serial_rivers_small_3
Lair:3:   layout_misc_corridors, minmay_swamp_entry_swarm,
          nicolae_spider_entry_orb_guardian, small_statue_intersection,
          small_statue_intersection, uniq_snorg
Lair:4:   layout_hall_layers, nicolae_slime_entry_slimehenge, ice2_lemuel,
          infiniplex_staircase_pool_2, serial_bayou_shore_b
Lair:5:   minmay_lair_end_frog_pond, layout_loops_ring
Swamp:1:  layout_basic_swamp, nicolae_swamp_some_circles, uniq_nikola,
          uniq_kirke, uniq_mlioglotl, uniq_jorgrun
Orc:1:    layout_caves, basic_altar, kennysheep_orc_chapel
Orc:2:    kennysheep_orc_mage_school, layout_caves, ebering_ghost_xom

Skill      XL: |  1  2  3  4  5  6  7  8  9 10 11 12 13 14 15 16 |
---------------+-------------------------------------------------+-----
Axes           | 2 3 4 5 6 7 8 9 10 11 12 14 15 16 | 16.0
Throwing       | 1 2 4 |  4.6
Fighting       | 4 5 6 7 8 9 10 12 13 | 13.7
Dodging        | 1 2 3 4 6 7 |  7.0
Armour         | 4 5 7 9 10 11 12 | 12.0
Invocations    | 4 7 10 | 10.0
Shields        | 4 9 10 11 12 13 | 13.5

Action                     |  1- 3 |  4- 6 |  7- 9 | 10-12 | 13-15 | 16-18 || total
---------------------------+-------+-------+-------+-------+-------+-------++-------
  Melee: War axe           |   152 |   157 |   372 |   502 |  1300 |   397 ||  2880
  Throw: Javelin           |       |    27 |    45 |     9 |       |     8 ||    89
         Boomerang         |       |       |     3 |    45 |    94 |    42 ||   184
 Invoke: Heroism           |       |       |       |    25 |    34 |    13 ||    72
         Finesse           |       |       |       |       |     5 |       ||     5
    Use: Scroll            |     4 |     2 |    11 |     8 |     6 |     2 ||    33
         Potion            |       |     3 |     3 |     1 |       |       ||     7
 Armour: Scale mail        |    41 |       |       |       |       |       ||    41
         Chain mail        |    35 |   137 |   210 |    76 |   151 |    13 ||   622
         Plate armour      |       |       |       |   175 |   533 |    90 ||   798
  Dodge: Dodged            |    70 |    59 |   150 |   148 |   374 |    99 ||   900
  Block: Buckler           |    21 |    34 |    97 |       |       |       ||   152
         Kite shield       |       |       |       |   336 |   930 |   180 ||  1446

Table legend:
 A = Non-vault XP
 B = Vault XP
 C = Vault XP percentage of total XP
 D = Non-vault monster count
 E = Vault monster count
 F = Vault count percentage of total count
                 A         B        C        D         E       F
            +---------+---------+-------+---------+---------+-------
      Total |   90911 |   66545 |  42.3 |     528 |     240 |  31.2
            +---------+---------+-------+---------+---------+-------
        D:1 |      44 |       0 |   0.0 |      27 |       0 |   0.0
        D:2 |      28 |       0 |   0.0 |      17 |       0 |   0.0
        D:3 |     105 |       0 |   0.0 |      25 |       0 |   0.0
        D:4 |     227 |       0 |   0.0 |      22 |       0 |   0.0
        D:5 |    1111 |       0 |   0.0 |      18 |       0 |   0.0
        D:6 |    1147 |       0 |   0.0 |      17 |       0 |   0.0
        D:7 |    1046 |       0 |   0.0 |      22 |       0 |   0.0
        D:8 |     638 |       0 |   0.0 |      16 |       0 |   0.0
        D:9 |    1710 |    2299 |  57.3 |      21 |      10 |  32.3
       D:10 |    3861 |       0 |   0.0 |      27 |       0 |   0.0
       D:11 |    4772 |     736 |  13.4 |      30 |      19 |  38.8
       D:12 |    6650 |    8918 |  57.3 |      35 |      16 |  31.4
       D:13 |    3829 |   11084 |  74.3 |      14 |      24 |  63.2
       D:14 |   12627 |    7191 |  36.3 |      34 |      14 |  29.2
       D:15 |   10359 |    5547 |  34.9 |      24 |      13 |  35.1
     Lair:1 |    1124 |    2193 |  66.1 |       5 |       7 |  58.3
     Lair:2 |    7056 |       0 |   0.0 |      24 |       0 |   0.0
     Lair:3 |    8083 |    2386 |  22.8 |      28 |       6 |  17.6
     Lair:4 |    9062 |    2312 |  20.3 |      29 |      16 |  35.6
     Lair:5 |    5329 |    9737 |  64.6 |      21 |      36 |  63.2
    Swamp:1 |    5956 |    4101 |  40.8 |      12 |       6 |  33.3
      Orc:1 |    1704 |    1737 |  50.5 |      30 |       7 |  18.9
      Orc:2 |    4443 |    7227 |  61.9 |      30 |      34 |  53.1
    Ossuary |       0 |    1077 | 100.0 |       0 |      32 | 100.0
            +---------+---------+-------+---------+---------+-------
